 Dungeon Crawl Stone Soup version 0.25-a0-589-g1e14c549ee (webtiles) character file.

Game seed: 16443366732076301887, levelgen mode: deterministic

112 Gynju the Firebug (level 4, 0/24 HPs)
             Began as a Gargoyle Fire Elementalist on Mar 9, 2020.
             Slain by an orc
             ... wielding a +0 hand axe
              (1 damage)
             ... on level 3 of the Dungeon on Mar 11, 2020.
             The game lasted 00:03:32 (3876 turns).

Gynju the Firebug (Gargoyle Fire Elementalist)      Turns: 3876, Time: 00:03:32

Health: 0/24       AC:  5    Str: 12    XL:     4   Next: 93%
Magic:  6/8        EV: 12    Int: 16    God:
Gold:   177        SH:  0    Dex: 10    Spells: 7/8 levels left

rFire    . . .     SeeInvis .   o - +2 falchion (flame)
rCold    . . .     Gourm    .   (no shield)
rNeg     + . .     Faith    .   a - +0 robe
rPois    ∞         Spirit   .   (no helmet)
rElec    +         Reflect  .   (no cloak)
rCorr    .         Harm     .   (no gloves)
MR       .....                  (no boots)
Stlth    ++........             (no amulet)
HPRegen  0.08/turn              (no ring)
MPRegen  0.11/turn              (no ring)

@: no status effects
A: negative energy resistance 1, electricity resistance, unbreathing,
petrification resistance, rot immunity, AC +3
a: no special abilities


You were on level 3 of the Dungeon.
You were not hungry.

You visited 1 branch of the dungeon, and saw 3 of its levels.

You collected 177 gold pieces.

Inventory:

Hand Weapons
 l - a +0 whip
 o - a +2 falchion of flaming (weapon)
Armour
 a - a +0 robe (worn)
Scrolls
 b - 2 scrolls of identify {unknown}
 i - a scroll of magic mapping {unknown}
 j - a scroll of blinking {unknown}
 k - 2 scrolls of amnesia {unknown}
 n - a scroll of teleportation {unknown}
 p - a scroll of remove curse {unknown}
Potions
 d - 2 potions of curing {unknown}
 e - a potion of brilliance {unknown}
 f - a potion of heal wounds {unknown}
 g - a potion of haste {unknown}
 h - 2 potions of invisibility {unknown}
 m - a potion of cancellation {unknown}
Comestibles
 c - 3 rations
 q - 2 chunks of flesh


   Skills:
 + Level 2.3 Dodging
 - Level 2.7 Stealth
 + Level 2.7 Spellcasting
 + Level 2.4 Conjurations
 + Level 3.6 Fire Magic


You had 7 spell levels left.
You knew the following spells:

 Your Spells              Type           Power        Failure   Level  Hunger
a - Foxfire               Conj/Fire      ##..         5%          1    #......

Your spell library contained the following spells:

 Spells                   Type           Power        Failure   Level  Hunger
 Conjure Flame            Conj/Fire      ##......     16%         3    ###....
 Animate Skeleton         Necr           N/A          19%         1    #......
 Pain                     Necr           #...         19%         1    #......
 Inner Flame              Hex/Fire       #.......     26%         3    ###....
 Sticky Flame             Conj/Fire      ##......     47%         4    #####..
 Vampiric Draining        Necr           #.........   50%         3    ###....
 Fireball                 Conj/Fire      ##........   83%         5    ######.
 Animate Dead             Necr           N/A          88%         4    #####..
 Agony                    Necr           #.......     99%         5    ######.


Dungeon Overview and Level Annotations

Branches:
Dungeon (3/15)

Altars:
Qazlal
Ru


Innate Abilities, Weirdness & Mutations

You are resistant to torment.
Your stone body is resilient. (AC +3)
You are immune to poison.
You resist negative energy. (rN+)
You are resistant to electric shocks. (rElec)
You can survive without breathing.
You are immune to petrification.
You are immune to rotting.


Message History

The orc barely misses you.
You riposte.
You closely miss the orc. You barely miss the orc.
A kobold comes into view. It is wielding a +0 whip.
The orc priest mumbles some strange prayers to Beogh against you.
Beogh smites you!
Ouch! That really hurt!
You are too injured to fight recklessly!
Casting: Foxfire (safe; 5% risk of failure)
Confirm with . or Enter, or press ? or * to list all spells.
You conjure some foxfire!
The orc priest mumbles some strange prayers to Beogh against you.
Beogh smites you!
* * * LOW HITPOINT WARNING * * *
The orc hits you but does no damage. The orc barely misses your foxfire.
Casting: Foxfire (safe; 5% risk of failure)
Confirm with . or Enter, or press ? or * to list all spells.
Nothing appears to happen.
The foxfire hits the orc.
The orc is lightly wounded.
The orc hits you with a +0 hand axe.
You die...

#.#############.#.##
#.# #.# #.#.# #.#
#.# #.#.# #.# #.#
#.#.# #.# #.# #.#>#
#.# #.# #.#.# #.#
#.# #†#.#########.#
##.# #v#...........#
...# #@#############
#### #oo...K..
#########


You could see an orc priest, an orc and a kobold.

Vanquished Creatures
  4 adders
  An ooze (D:1)
  A worm (D:3)
  3 dart slugs
  2 orcs (D:3)
  5 bats
  2 giant cockroaches
  8 goblins
  8 hobgoblins
  3 jackals (D:1)
  A quokka (D:3)
  A ball python (D:1)
  5 frilled lizards
  4 kobolds
  11 rats
59 creatures vanquished.

Vanquished Creatures (others)
  194 foxfires
194 creatures vanquished.

Grand Total: 253 creatures vanquished

Notes
Turn   | Place    | Note
-------+----------+-------------------------------------------
     0 | D:1      | Gynju the Gargoyle Fire Elementalist began the quest for
                  | the Orb.
     0 | D:1      | Reached XP level 1. HP: 10/10 MP: 3/3
   344 | D:1      | Reached XP level 2. HP: 14/15 MP: 0/5
  1127 | D:1      | Reached XP level 3. HP: 19/19 MP: 1/6
  1824 | D:2      | Found a stormy altar of Qazlal.
  2171 | D:2      | Found a sacrificial altar of Ru.
  2382 | D:2      | Reached XP level 4. HP: 24/24 MP: 3/7
  3875 | D:3      | HP: 1/24 [orc priest/divine providence (11)]
  3876 | D:3      | Slain by an orc

Levels and vault maps discovered:
D:1:      elethiomel_arrival_infinity_welcomes_careful_drivers, layout_basic,
          serial_glass, glass_columns_a, glass_columns_a
D:2:      layout_basic, lemuel_round_altar, grunt_qazlal_clouds
D:3:      layout_basic

Skill      XL: |  1  2  3 |
---------------+----------+-----
Dodging        | 2 |  2.3
Conjurations   | 2 |  2.4
Stealth        | |  2.7
Spellcasting   | |  2.7
Fire Magic     | |  3.6

Action                   |  1- 3 |  4- 6 || total
-------------------------+-------+-------++-------
Melee: Unarmed           |    32 |       ||    32
       Falchion          |       |    29 ||    29
       Whip              |       |    12 ||    12
 Cast: Foxfire           |   110 |    46 ||   156
 Stab: Sleeping          |       |     1 ||     1
  Eat: Chunk             |     6 |     5 ||    11
Armor: Robe              |    20 |    15 ||    35
Dodge: Dodged            |    26 |    45 ||    71
       Rpst.: Falchion   |       |     7 ||     7

Table legend:
 A = Non-vault XP
 B = Vault XP
 C = Vault XP percentage of total XP
 D = Non-vault monster count
 E = Vault monster count
 F = Vault count percentage of total count
                 A         B        C        D         E       F
            +---------+---------+-------+---------+---------+-------
      Total |     160 |       0 |   0.0 |      59 |       0 |   0.0
            +---------+---------+-------+---------+---------+-------
        D:1 |      42 |       0 |   0.0 |      22 |       0 |   0.0
        D:2 |      63 |       0 |   0.0 |      16 |       0 |   0.0
        D:3 |      55 |       0 |   0.0 |      21 |       0 |   0.0
            +---------+---------+-------+---------+---------+-------
